 Dungeon Sprint DCSS version 0.30.1-11-g7821555f0a (webtiles) character file.

Game seed: 2197723752614754326

142 Heoruswealwe the Spear-Bearer (level 5, 0/52 HPs)
             Began as a Minotaur Fighter on Jan 2, 2024.
             Slain by a gnoll
             ... wielding a +0 spear of venom
              (1 damage)
             ... in the Dungeon (Sprint IX: "|||||||||||||||||||||||||||||").
             The game lasted 00:00:43 (42 turns).

Heoruswealwe the Spear-Bearer (Minotaur Fighter)      Turns: 42, Time: 00:00:43

Health: 0/52       AC:  7    Str: 23    XL:     5   Next: 4%
Magic:  4/4        EV:  9    Int:  5    God:
Gold:   0          SH:  4    Dex:  9    Spells: 4/4 levels left

rFire   . . .        a - +0 trident
rCold   . . .        d - +0 buckler
rNeg    . . .        c - +0 scale mail
rPois   .            (helmet restricted)
rElec   .            (no cloak)
rCorr   .            (no gloves)
SInv    .            (no boots)
Will    .....        (no amulet) Stlth
                     (no ring)
HPRegen 0.28/turn    (no ring)
MPRegen 0.09/turn

%: no teleportation
@: lethally poisoned (0 -> -13)
A: horns 2, retaliatory headbutt
a: no special abilities


You were in the Dungeon.
You visited 1 branch

Inventory:

Hand Weapons
 a - a +0 trident (weapon)
Armour
 c - a +0 scale mail (worn)
 d - a +0 buckler (worn)
Scrolls
 j - a scroll of blinking
Potions
 b - a potion of might
 g - a potion of haste
 i - a potion of berserk rage


   Skills:
 + Level 7.0 Fighting
 * Level 8.9 Polearms
 + Level 7.0 Armour
 - Level 3.6 Shields


You had 4 spell levels left.
You didn't know any spells.
Your spell library was empty.

Dungeon Overview and Level Annotations

Branches:
Dungeon (1/1)

Altars:


Innate Abilities, Weirdness & Mutations

You have a pair of horns on your head.
You reflexively headbutt those who attack you in melee.


Message History

You feel very sick. The phantom closely misses you. You furiously retaliate!
You headbutt the phantom.
The white imp grinds its teeth.
The gnoll hits you but does no damage.
You are more poisoned.
You closely miss the phantom.
The phantom is almost destroyed.
You feel very sick.
The phantom hits you but does no damage.
The gnoll hits you but does no damage.
You are lethally poisoned!
You hit the phantom.
You destroy the phantom!
You feel very sick. The gnoll barely misses you.
Your Fighting skill gained 2 levels and is now at level 7!
Your Polearms skill gained 2 levels and is now at level 8!
Your Armour skill gained 2 levels and is now at level 7!
You have reached level 4!
You feel stronger.
You have reached level 5!
* * * LOW HITPOINT WARNING * * *
You feel very sick. The gnoll hits you but does no damage.
You are more poisoned.
There is an open door here.
You closely miss the gnoll.
* * * LOW HITPOINT WARNING * * *
You feel very sick. You block the gnoll's attack.
You barely miss the gnoll.
* * * LOW HITPOINT WARNING * * *
You feel very sick.
You hit the gnoll. You headbutt the gnoll.
The gnoll is severely wounded.
* * * LOW HITPOINT WARNING * * *
You feel very sick.
The gnoll hits you with a +0 spear of venom.
You die...

▓+▓
▓.▓
▓.▓
▓5▓
▓s▓
▓g▓
▓@▓
▓.▓
▓.▓
▓†▓
▓.▓
▓.▓
▓†▓
▓.▓
▓!▓


You could see a scorpion, a gnoll and a white imp.

Vanquished Creatures
  A phantom (D)
  A scorpion (D)
  An endoplasm (D)
  A giant cockroach (D)
  A quokka (D)
  A bat (D)
  A rat (D)
7 creatures vanquished.

Notes
Turn   | Place    | Note
-------+----------+-------------------------------------------
     0 | D        | Heoruswealwe the Minotaur Fighter began the quest for the
                  | Orb.
     0 | D        | Reached XP level 1. HP: 19/19 MP: 0/0
     6 | D        | Reached skill level 3 in Polearms
    19 | D        | Noticed a scorpion
    19 | D        | Noticed a phantom
    19 | D        | Noticed a scorpion
    23 | D        | Killed a scorpion
    24 | D        | Reached skill level 5 in Fighting
    24 | D        | Reached skill level 6 in Polearms
    24 | D        | Reached skill level 5 in Armour
    24 | D        | Reached XP level 2. HP: 30/30 MP: 1/1
    24 | D        | Reached XP level 3. HP: 37/37 MP: 2/2
    38 | D        | Killed a phantom
    39 | D        | Reached skill level 8 in Polearms
    39 | D        | Reached XP level 4. HP: 17/47 MP: 3/3
    39 | D        | Reached XP level 5. HP: 19/52 MP: 4/4
    42 | D        | HP: 1/52 [poisoned by a gnoll]
    42 | D        | Slain by a gnoll

Illustrated notes

Levels and vault maps discovered:
D:        linesprint [early_d, line_temple, items_1, d_10, items_2, lair_1,
          lair_end, items_3, orc_1, orc_end, items_4, d_15, swamp_1, shoals_1,
          snake_1, spider_1, d_20, vaults_1, items_5, swamp_end, shoals_end,
          snake_end, spider_end, vaults_end, d_27, items_6, zot_1, zot_end,
          crypt_end, forest_end, elf_end, slime_end, tomb_end, abyss_end,
          pan_hell_end]

Skill      XL: |  1  2  3 |
---------------+----------+-----
Polearms       | 6 8 |  8.9
Fighting       | 5 7 |  7.0
Armour         | 5 7 |  7.0
Shields        | |  3.6

Action                     |  1- 3 |  4- 6 || total
---------------------------+-------+-------++-------
  Melee: Trident           |    25 |     3 ||    28
         Headbutt          |     2 |     1 ||     3
    Use: Potion            |     2 |       ||     2
 Armour: Scale mail        |    17 |     1 ||    18
  Dodge: Dodged            |    13 |       ||    13
  Block: Buckler           |     6 |     1 ||     7
